 Dungeon Crawl Stone Soup version 0.30-a0-122-g2a1322497e (webtiles) character file.

Game seed: 12393559294686063178

7196 Newt the Basher (level 10, -20/79 HPs)
             Began as a Demonspawn Gladiator on Sept 16, 2022.
             Was an Elder of Dithmenos.
             Shot with a bolt by a yaktaur captain (40 damage)
             ... on level 11 of the Dungeon.
             The game lasted 00:10:07 (8476 turns).

Newt the Basher (Demonspawn Gladiator)              Turns: 8476, Time: 00:10:07

Health: -20/79     AC: 14    Str: 24    XL:     10   Next: 87%
Magic:  13/13      EV: 15    Int:  9    God:    Dithmenos [****..]
Gold:   418        SH:  4    Dex: 17    Spells: 9/9 levels left

rFire   . . .      SeeInvis .    l - +7 whip "Hiroyjel" {vamp, Drain rCorr Str+7}
rCold   . . .      Faith    .    (no shield)
rNeg    + . .      Spirit   .    y - +0 troll leather armour
rPois   .          Reflect  .    c - +0 helmet
rElec   .          Harm     .    k - +0 cloak
rCorr   +          Rampage  .    (no gloves)
Will    +....                    x - +0 pair of boots {Fly}
Stlth   +++.......               (no amulet)
HPRegen 1.03/turn                n - ring of willpower
MPRegen 0.13/turn                p - ring of positive energy

@: flying, wreathed by umbra
A: rugged brown scales 2, icemail 1, condensation shield, demonic touch 2
a: Renounce Religion, Shadow Step


You were on level 11 of the Dungeon.
You worshipped Dithmenos.
Dithmenos was greatly pleased with you.
You visited 1 branch of the dungeon, and saw 9 of its levels.

You collected 418 gold pieces.

Inventory:

Hand Weapons
 a - a +0 rapier
 e - a +0 dagger of distortion
 l - the +7 whip "Hiroyjel" (weapon) {vamp, Drain rCorr Str+7}
   (You found it on level 2 of the Dungeon)

   It occasionally heals its wielder for a portion of the damage dealt when it
   wounds a living foe.
   Str:       It affects your strength (+7).
   rCorr:     It protects you from acid and corrosion.
   Drain:     It drains your maximum health when unequipped.
 u - the +4 war axe "Dysuin" {speed, Fly rN+ Stlth+}
   (You found it on level 8 of the Dungeon)

   Attacks with this weapon are significantly faster.
   rN:        It protects you from negative energy.
   Fly:       It grants you flight.
   Stlth:     It makes you more stealthy.
Missiles
 d - a throwing net (quivered)
 g - a javelin
Armour
 b - a +0 leather armour
 c - a +0 helmet (worn)
 k - a +0 cloak (worn)
 x - a +0 pair of boots of flying (worn)
 y - a +0 troll leather armour (worn)
Jewellery
 n - a ring of willpower (left hand)
 p - a ring of positive energy (right hand)
 t - a ring of wizardry
Wands
 q - a wand of quicksilver (8)
Scrolls
 h - a scroll of fear
 j - a scroll of vulnerability
 r - 6 scrolls of teleportation
Potions
 f - 2 potions of cancellation {unknown}
 i - a potion of heal wounds
 m - 2 potions of resistance {unknown}
 o - 2 potions of degeneration
 s - 3 potions of might {unknown}
 v - 2 potions of attraction {unknown}
 w - 3 potions of curing
 z - 2 potions of flight {unknown}


   Skills:
 - Level 6.0 Fighting
 - Level 4.0 Short Blades
 + Level 8.9 Maces & Flails
 - Level 1.7 Throwing
 - Level 6.0 Armour
 - Level 6.0 Dodging
 - Level 2.0 Stealth
 - Level 4.0 Invocations
 - Level 7.0 Evocations


You had 9 spell levels left.
You didn't know any spells.
Your spell library contained the following spells:

 Spells                   Type           Power      Damage    Failure   Level
 Frozen Ramparts          Ice            0%         1d1       80%         3
 Ice Form                 Ice/Tmut       0%         N/A       99%         4
 Summon Ice Beast         Ice/Summ       0%         N/A       99%         4
 Summon Forest            Summ/Tloc      0%         N/A       100%        5
 Eringya's Noxious Bog    Tmut/Pois      0%         N/A       100%        6
 Summon Hydra             Summ           0%         N/A       100%        7


Dungeon Overview and Level Annotations

Branches:
Dungeon (11/15)              Lair (0/5) D:10
 Temple: D:4-7          Orc: D:9-12

Altars:
Dithmenos
Makhleb
Trog

Annotations:
D:8 3 runed translucent doors, avis's ghost, novice DgTm
D:10 2 transporters, purpskrrrp's ghost, journeyman BaFi


Innate Abilities, Weirdness & Mutations

You are mostly covered in rugged brown scales. (AC +2, +5% HP)
A meltable icy envelope protects you from harm. (AC +4)
A meltable shield of frost defends you. (SH +4)
Your touch may inflict irresistible damage on your foes.


Message History

The orc knight attacks as you move away!
The orc knight hits you with a +0 battleaxe!!
There is an open door here.
The orc knight attacks as you move away!
The orc knight closely misses you.
The orc knight attacks as you move away!
The orc knight closely misses you.
There is an open door here.
The orc knight attacks as you move away!
The orc knight hits you but does no damage.
The orc knight attacks as you move away!
The orc knight hits you with a +0 battleaxe!!
The yaktaur captain wields a +0 arbalest.
The yaktaur captain shoots a bolt.
The bolt hits you!
* * * LOW HITPOINT WARNING * * *
The yaktaur wields a +0 arbalest.
The yaktaur shoots a bolt.
The bolt closely misses you.
Throw: 3 throwing nets
Press: ? - help, Q - select action, (/) - cycle Shift-Dir - straight line, f - orc knight
Aim: an orc knight, wielding a +0 battleaxe and wearing a +0 plate armour (umbra, 63% to hit)
You throw a throwing net.
The throwing net closely misses the orc knight.
Your shadow throws a throwing net.
The throwing net hits the orc knight.
The orc knight is caught in the net!
The throwing net disappears in a puff of smoke!
The yaktaur shoots a bolt.
The bolt misses you.
Unknown command.
Throw: 2 throwing nets
Press: ? - help, Q - select action, (/) - cycle Shift-Dir - straight line, f/p - orc knight
Aim: an orc knight, wielding a +0 battleaxe and wearing a +0 plate armour (umbra, 63% to hit)
You throw a throwing net. The throwing net hits the orc knight.
The orc knight is caught in the net!
The orc knight struggles against the net.
The yaktaur shoots a bolt.
You block the bolt.
The orc knight struggles against the net.
The yaktaur shoots a bolt.
The bolt hits you.
* * * LOW HITPOINT WARNING * * *
The yaktaur captain shoots a bolt.
The bolt hits you!!!
Ouch! That really hurt!
You die...

#######'##...(........# #...
#.....................#####..#
#............................#
#........c...................#
#..........c.................#
#..............[.............#
#............o...............#
#............................#
#............@...............#
#............................#
#............<...............#
#............................#
#............................#
#............<...............#
#..........<.................#
#............................#
#............................#


You could see a yaktaur captain, an orc knight (caught) and a yaktaur.

Vanquished Creatures
  3 boulder beetles (D:11)
  A two-headed ogre (D:10)
  Pikel (D:8)
  A manticore (D:11)
  2 trolls (D:10)
  Prince Ribbit (D:8)
  A hornet (D:8)
  2 shadows
  4 yaks (D:8)
  A vampire (D:11)
  A water moccasin (D:8)
  A black bear (D:10)
  3 orc warriors
  2 centaurs
  A phantom (D:5)
  3 kobold brigands
  4 bullfrogs
  A scorpion (D:10)
  9 killer bees (D:8)
  A howler monkey (D:9)
  A gnoll bouda (D:8)
  3 orc priests (D:9)
  A jelly (D:4)
  Terence (D:3)
  6 orc wizards
  8 gnolls
  7 adders
  A worm (D:2)
  A dart slug (D:3)
  29 orcs
  A bat (D:3)
  8 endoplasms
  4 giant cockroaches
  13 goblins
  6 hobgoblins
  3 jackals (D:4)
  10 kobolds
  A quokka (D:3)
  13 ball pythons
  6 frilled lizards
  7 rats
173 creatures vanquished.

Vanquished Creatures (others)
  4 fungi (D:10)
  9 plants
13 creatures vanquished.

Grand Total: 186 creatures vanquished

Notes
Turn   | Place    | Note
-------+----------+-------------------------------------------
     0 | D:1      | Newt the Demonspawn Gladiator began the quest for the Orb.
     0 | D:1      | Reached XP level 1. HP: 16/16 MP: 1/1
   183 | D:1      | Reached skill level 1 in Stealth
   240 | D:1      | Gained mutation: A meltable shield of frost defends you.
                  | (SH +4) [demonic ancestry]
   240 | D:1      | Reached XP level 2. HP: 22/22 MP: 2/2
   711 | D:1      | Found a faded altar of an unknown god.
   800 | D:1      | Prayed at the altar of an unknown god.
   800 | D:1      | Became a worshipper of Dithmenos the Shadowed
   800 | D:1      | Reached * piety under Dithmenos
   887 | D:2      | Reached XP level 3. HP: 22/27 MP: 3/3
  1431 | D:2      | Gained mutation: You are partially covered in rugged brown
                  | scales. (AC +1, +3% HP) [demonic ancestry]
  1431 | D:2      | Reached XP level 4. HP: 27/33 MP: 4/4
  1976 | D:2      | Identified the +7 whip "Hiroyjel" {vamp, Drain rCorr Str+7}
  1983 | D:2      | Reached ** piety under Dithmenos
  2531 | D:3      | Gained mutation: A meltable icy envelope protects you from
                  | harm. (AC +4) [demonic ancestry]
  2531 | D:3      | Reached XP level 5. HP: 42/42 MP: 5/5
  2568 | D:3      | Noticed Terence
  2582 | D:3      | Killed Terence
  3108 | D:4      | Reached skill level 1 in Maces & Flails
  3114 | D:4      | Reached skill level 2 in Maces & Flails
  3119 | D:4      | Reached *** piety under Dithmenos
  3459 | D:4      | Gained mutation: Your touch may inflict minor irresistible
                  | damage on your foes. [demonic ancestry]
  3459 | D:4      | Reached XP level 6. HP: 49/49 MP: 6/6
  3482 | D:4      | Reached skill level 3 in Maces & Flails
  3743 | D:5      | Entered Level 5 of the Dungeon
  3755 | D:5      | You fall into a shaft and drop 3 floors!
  3787 | D:8      | Noticed a water moccasin
  3788 | D:8      | Identified the +4 war axe "Dysuin" {speed, Fly rN+ Stlth+}
  3801 | D:8      | Killed a water moccasin
  3802 | D:8      | Reached skill level 4 in Maces & Flails
  3802 | D:8      | Gained mutation: Your touch may inflict irresistible damage
                  | on your foes. [demonic ancestry]
  3802 | D:8      | Reached XP level 7. HP: 13/55 MP: 7/7
  4156 | D:8      | Found a runed translucent gate.
  4156 | D:8      | Found a runed translucent gate.
  4156 | D:8      | Found a runed translucent gate.
  4190 | D:8      | Noticed Pikel
  4200 | D:8      | Killed Pikel
  4201 | D:8      | Reached skill level 6 in Maces & Flails
  4201 | D:8      | Reached skill level 1 in Armour
  4201 | D:8      | Gained mutation: You are mostly covered in rugged brown
                  | scales. (AC +2, +5% HP) [demonic ancestry]
  4201 | D:8      | Reached XP level 8. HP: 41/63 MP: 8/8
  4519 | D:8      | Noticed Prince Ribbit
  4534 | D:8      | Killed Prince Ribbit
  4535 | D:8      | Reached skill level 1 in Invocations
  4572 | D:8      | Reached skill level 1 in Evocations
  4808 | D:8      | Noticed a hornet
  4832 | D:8      | Reached **** piety under Dithmenos
  4844 | D:8      | Killed a hornet
  4845 | D:8      | Reached XP level 9. HP: 23/68 MP: 12/12
  5297 | D:8      | Reached skill level 5 in Evocations
  5314 | D:8      | Reached skill level 5 in Fighting
  5836 | D:8      | Noticed a spectral unseen horror
  5836 | D:8      | Noticed avis's ghost (novice DgTm)
  6060 | D:9      | Reached skill level 5 in Dodging
  6654 | D:9      | Found a burning altar of Makhleb.
  6724 | D:10     | Entered Level 10 of the Dungeon
  6771 | D:10     | Noticed a two-headed ogre
  6781 | D:10     | Killed a two-headed ogre
  6782 | D:10     | Reached skill level 7 in Maces & Flails
  6782 | D:10     | Reached XP level 10. HP: 50/79 MP: 13/13
  6788 | D:10     | Found a staircase to the Lair.
  6903 | D:10     | Found a transporter.
  6934 | D:10     | Reached skill level 8 in Maces & Flails
  7032 | D:10     | Noticed a moth of wrath
  7035 | D:10     | Noticed a two-headed ogre
  7039 | D:10     | Noticed a two-headed ogre
  7040 | D:10     | Noticed purpskrrrp's ghost (journeyman BaFi)
  7041 | D:10     | Noticed a two-headed ogre
  7041 | D:10     | Noticed a tengu warrior
  7044 | D:10     | Found a bloodstained altar of Trog.
  7374 | D:10     | Reached skill level 5 in Armour
  7932 | D:10     | Found a transporter.
  8177 | D:11     | Noticed a boulder beetle
  8209 | D:11     | Killed a boulder beetle
  8340 | D:11     | Noticed a manticore
  8355 | D:11     | Killed a manticore
  8391 | D:11     | Noticed a boulder beetle
  8409 | D:11     | Killed a boulder beetle
  8417 | D:11     | Noticed a boulder beetle
  8432 | D:11     | Killed a boulder beetle
  8451 | D:11     | Noticed an orc knight
  8454 | D:11     | Noticed a yaktaur captain
  8476 | D:11     | Shot with a bolt by a yaktaur captain

Illustrated notes

Levels and vault maps discovered:
D:1:      nagdon_arrival_double_spiral, layout_loops_cross,
          hellmonk_ecumenical_altar_inner_sanctum
D:2:      cheibrodos_old_hovel, layout_basic, minmay_pentomino_u2
D:3:      layout_basic, uniq_terence
D:4:      layout_loops_cross
D:5:      layout_loops_ring, gammafunk_ghost_mausoleum,
          chequers_serial_rivers_large_a
D:8:      layout_loops_ring, gammafunk_ghost_necromancy, uniq_pikel,
          uniq_prince_ribbit1
D:9:      layout_basic, mainiacjoe_overflow_alcove_2
D:10:     layout_basic, grunt_lair_entry_orc_guard_hut,
          gammafunk_ghost_wrathful_warriors, dreamdust_mushroom_princess
D:11:     minmay_sliced_demisemicircle, layout_long_grid

Skill      XL: |  1  2  3  4  5  6  7  8  9 10 |
---------------+-------------------------------+-----
Stealth        | 1 2 |  2.0
Short Blades   | 3 4 |  4.0
Fighting       | 3 4 6 |  6.0
Maces & Flails | 2 4 6 7 8 |  8.9
Dodging        | 3 4 6 |  6.0
Armour         | 1 4 6 |  6.0
Invocations    | 4 |  4.0
Evocations     | 4 5 7 |  7.0
Throwing       | |  1.7

Action                   |  1- 3 |  4- 6 |  7- 9 | 10-12 || total
-------------------------+-------+-------+-------+-------++-------
Melee: Rapier            |    91 |    33 |       |       ||   124
       Whip              |       |   172 |   224 |   104 ||   500
       Punch             |       |     1 |     4 |     1 ||     6
       Touch             |       |     4 |    40 |    28 ||    72
Throw: Javelin           |     2 |       |       |       ||     2
       Throwing net      |     3 |     1 |     3 |     2 ||     9
  Use: Scroll            |     6 |     1 |     1 |       ||     8
       Potion            |       |     3 |     1 |       ||     4
 Stab: Sleeping          |     4 |     6 |     2 |     1 ||    13
       Held in net/web   |       |     1 |       |       ||     1
Armor: Leather armour    |    17 |    54 |    37 |    12 ||   120
       Troll leather arm |       |       |       |    15 ||    15
Dodge: Dodged            |    56 |    92 |   145 |    51 ||   344
Block: Other             |    17 |    27 |    42 |    17 ||   103

Table legend: (Time is in decaauts)
 A = Elapsed time spent in this place.
 B = Non-inter-level travel time spent in this place.
 C = Inter-level travel time spent in this place.
 D = Time resting spent in this place.
 E = Time spent auto-exploring this place.
 F = Levels seen in this place.
 G = Mean time per level.
                   A        B        C        D        E       F      G
               +--------+--------+--------+--------+--------+-----+--------+
         Total |   8414 |   8148 |    266 |   1255 |   5603 |   9 |  934.9 |
       Dungeon |   8414 |   8148 |    266 |   1255 |   5603 |   9 |  934.9 |
               +--------+--------+--------+--------+--------+-----+--------+

Top non-repeatable levels by time:
     D:8: 2070 daAuts
    D:10: 1377 daAuts
     D:2: 1331 daAuts
     D:9: 863 daAuts
     D:4: 832 daAuts
     D:1: 831 daAuts
     D:3: 756 daAuts
    D:11: 339 daAuts
     D:5: 11 daAuts
